 Dungeon Crawl Stone Soup version 0.21-a0-582-g1b93aee (webtiles) character file.

3205 graki42 the Thaumaturge (level 9, -9/47 HPs)
             Began as a Deep Elf Fire Elementalist on Dec 19, 2017.
             Was a Follower of Vehumet.
             Killed from afar by a steam dragon (22 damage)
             ... with a ball of steam
             ... on level 8 of the Dungeon on Dec 20, 2017.
             The game lasted 00:26:11 (6989 turns).

graki42 the Thaumaturge (DEFE)                      Turns: 6989, Time: 00:26:11

Health: -9/47      AC:  5    Str:  8    XL:     9   Next: 65%
Magic:  21/25      EV: 14    Int: 21    God:    Vehumet [*.....]
Gold:   387        SH:  0    Dex: 15    Spells: 13/29 levels left

rFire    . . .     SeeInvis +   C - +5 quarterstaff (chaos)
rCold    . . .     Gourm    .   (shield currently unavailable)
rNeg     + . .     Faith    .   a - +1 robe
rPois    .         Spirit   .   (no helmet)
rElec    .         Reflect  .   D - +0 cloak
rCorr    .         Harm     .   (no gloves)
MR       .....                  w - +0 pair of boots
Stlth    +++.......             (no amulet)
HPRegen  0.15/turn              j - ring of positive energy
MPRegen  0.19/turn              B - ring of see invisible

@: no status effects
A: no striking features
a: Renounce Religion


You were on level 8 of the Dungeon.
You worshipped Vehumet.
Vehumet was aware of your devotion.
You were hungry.

You visited 2 branches of the dungeon, and saw 9 of its levels.

You collected 387 gold pieces.

Inventory:

Hand Weapons
 q - the +1 hand crossbow of Saistramu {velocity, *Slow rC+ rN++ MR+}
   (You found it on level 4 of the Dungeon)

   Any bolt fired from it inflicts extra damage.
   It protects you from cold.
   It greatly protects you from negative energy.
   It affects your resistance to hostile enchantments.
   It may slow you when you take damage.
 C - a +5 quarterstaff of chaos (weapon)
Armour
 a - a +1 robe (worn)
 w - a +0 pair of boots (worn)
 D - a +0 cloak (worn)
Jewellery
 j - a ring of positive energy (left hand)
 B - a ring of see invisible (right hand)
Wands
 t - a wand of polymorph (19)
 y - a wand of paralysis (9)
Scrolls
 e - 2 scrolls of enchant armour
 g - 2 scrolls of teleportation
 h - a scroll of amnesia {unknown}
 m - a scroll of blinking
 s - a scroll of fear {unknown}
 x - 3 scrolls of identify
 A - a scroll of remove curse
 F - a scroll of random uselessness {unknown}
Potions
 d - 2 potions of mutation
 f - 4 potions of curing
 i - 3 potions of invisibility
 k - a potion of ambrosia
 l - 3 potions of flight {unknown}
 n - 3 potions of lignification {unknown}
 o - 2 potions of agility
 p - 2 potions of might
 r - 3 potions of heal wounds {unknown}
 u - a potion of haste {unknown}
 v - 2 potions of berserk rage {unknown}
 z - a potion of brilliance {unknown}
Books
 E - a book of Geomancy

   Spells                             Type                      Level
   a - Sandblast                      Earth                        1
   b - Passwall                       Transmutation/Earth          2
   c - Stone Arrow                    Conjuration/Earth            3
   d - Petrify                        Transmutation/Earth          4
   e - Lee's Rapid Deconstruction     Earth                        5
Comestibles
 c - 13 rations


   Skills:
 + Level 1.1 Fighting
 + Level 3.8 Dodging
 + Level 4.5 Stealth
 + Level 10.7 Spellcasting
 + Level 7.8 Conjurations
 + Level 2.1 Hexes
 + Level 8.4 Fire Magic
 + Level 0.2 Evocations


You had 13 spell levels left.
You knew the following spells:

 Your Spells              Type           Power        Failure   Level  Hunger
a - Flame Tongue          Conj/Fire      #####        1%          1    None
b - Conjure Flame         Conj/Fire      #####...     1%          3    None
c - Inner Flame           Hex/Fire       ####....     1%          3    None
d - Sticky Flame          Conj/Fire      #####...     1%          4    ##.....
e - Fireball              Conj/Fire      #####.....   6%          5    ####...


Dungeon Overview and Level Annotations

Branches:
Dungeon (8/15)             Temple (1/1) D:5
   Lair: D:8-11

Altars:
Elyvilon
Fedhas
Gozag
Kikubaaqudgha
Makhleb
Nemelex Xobeh
Okawaru
Ru
Trog
Vehumet
Xom
Yredelemnul

Shops:
D:7 !


Message History

The steam dragon claws you but does no damage.
You see here 22 gold pieces.
Casting: Flame Tongue
Confirm with . or Enter, or press ? or * to list all spells.
Aiming: Sticky Flame
Press: ? - help, Shift-Dir - straight line, f/p - steam dragon
Aim: a steam dragon (steam, lightly wounded)
The sticky flame hits the steam dragon.
The steam dragon is moderately wounded.
The steam dragon is covered in liquid flames!
You are engulfed in a cloud of scalding steam.
The steam dragon burns!
The steam dragon bites you. The steam dragon claws you.
* * * LOW HITPOINT WARNING * * *
The steam dragon burns!
The steam dragon barely misses you. The steam dragon claws you.
* * * LOW HITPOINT WARNING * * *
The steam dragon burns!
The steam dragon breathes steam at you. The ball of steam hits you!
You die...

#.# ########### #.##
#.........## #...
#.######...## #..# #.#
#≈≈...≈≈ ###..##
##.####≈..♣..≈
.....#.##.##.........
#D..#.##.##...♣._.♣.
#$§...##.##....r....
#.####.#@####....#≈..♣..≈
#......#$# ####.#≈≈...≈≈
#######..# #.###...##
#.## #.# #..## # #.#
#.###.## ##.#.# #.##..# #
#....########.....####
'.....#†................+
####...###########...####


You could see a steam dragon (burning).

Vanquished Creatures
  Pikel (D:7)
  Grinder (D:3)
  A hornet (D:8)
  Prince Ribbit (D:6)
  Eustachio (D:5)
  A hungry ghost (D:8)
  Edmund (D:6)
  A sky beast (D:7)
  3 black bears
  A slave (D:7)
  4 ogres
  A centaur (D:7)
  Blork the orc (D:6)
  A bullfrog (D:8)
  2 scorpions (D:8)
  A howler monkey (D:6)
  3 hounds
  An orc priest (D:7)
  A bullfrog skeleton (D:7)
  A centaur skeleton (D:6)
  Crazy Yiuf (D:7)
  3 iguanas
  An iguana (shapeshifter) (D:8)
  2 orc wizards
  5 worker ants
  A hound zombie (D:7)
  A hound skeleton (D:4)
  4 gnolls (D:6)
  8 adders
  2 shadow imps
  4 oozes
  3 worms
  2 adder skeletons
  3 dart slugs
  8 leopard geckos
  6 orcs
  7 bats
  3 giant cockroaches
  2 gnoll zombies (D:6)
  15 goblins
  11 hobgoblins
  10 jackals
  6 kobolds
  3 quokkas
  2 ball pythons
  7 frilled lizards
  8 rats
156 creatures vanquished.

Notes
Turn   | Place    | Note
-------+----------+-------------------------------------------
     0 | D:1      | graki42 the Deep Elf Fire Elementalist began the quest for the Orb.
     0 | D:1      | Reached XP level 1. HP: 10/10 MP: 6/6
   130 | D:1      | Reached XP level 2. HP: 11/15 MP: 4/8
   287 | D:1      | Upgraded the game from 0.21-a0-578-gc6e9d75 to 0.21-a0-582-g1b93aee
   538 | D:1      | Reached XP level 3. HP: 19/19 MP: 4/9
   543 | D:1      | Learned a level 3 spell: Conjure Flame
   547 | D:1      | Learned a level 3 spell: Inner Flame
  1115 | D:2      | Reached XP level 4. HP: 18/24 MP: 5/11
  1273 | D:2      | Reached skill level 4 in Spellcasting
  1571 | D:2      | Found a shimmering altar of Xom.
  1571 | D:2      | Found a burning altar of Makhleb.
  1690 | D:3      | Noticed an ogre
  1697 | D:3      | Killed an ogre
  1697 | D:3      | Reached XP level 5. HP: 28/28 MP: 1/14
  1950 | D:3      | Noticed Grinder
  1950 | D:3      | Paralysed by Grinder for 4 turns
  1959 | D:3      | Reached skill level 5 in Spellcasting
  1960 | D:3      | Killed Grinder
  1960 | D:3      | Reached skill level 5 in Fire Magic
  1960 | D:3      | Reached XP level 6. HP: 25/32 MP: 8/16
  2074 | D:3      | Found an opulent altar of Gozag.
  2204 | D:3      | Learned a level 4 spell: Sticky Flame
  2210 | D:3      | Learned a level 5 spell: Fireball
  2495 | D:4      | You fall through a shaft for 2 floors!
  2615 | D:6      | Reached XP level 7. HP: 24/36 MP: 4/17
  2621 | D:6      | Reached skill level 6 in Spellcasting
  2635 | D:6      | Noticed Blork the orc
  2665 | D:6      | Found a bloodstained altar of Trog.
  3176 | D:6      | Found a basalt altar of Yredelemnul.
  3259 | D:6      | Reached skill level 1 in Hexes
  3281 | D:6      | Reached skill level 5 in Conjurations
  3409 | D:5      | Entered Level 5 of the Dungeon
  3426 | D:4      | Got a dazzling hand crossbow
  3427 | D:4      | Identified the cursed +1 hand crossbow of Saistramu {velocity, *Slow rC+ rN++ MR+} (You found it on level 4 of the Dungeon)
  4386 | D:5      | Noticed Eustachio
  4397 | D:5      | Killed Eustachio
  4397 | D:5      | Reached skill level 7 in Spellcasting
  4397 | D:5      | Reached XP level 8. HP: 41/41 MP: 7/20
  4539 | D:5      | Found a staircase to the Ecumenical Temple.
  4544 | Temple   | Entered the Ecumenical Temple
  4555 | Temple   | Became a worshipper of Vehumet
  4610 | D:5      | Found a bloodstained altar of Trog.
  4776 | D:5      | Found a sacrificial altar of Ru.
  4998 | D:6      | Killed Blork the orc
  5000 | D:6      | Noticed Edmund
  5017 | D:6      | Killed Edmund
  5225 | D:6      | Reached skill level 8 in Spellcasting
  5275 | D:6      | Noticed Prince Ribbit
  5286 | D:6      | Killed Prince Ribbit
  5720 | D:7      | Found an ancient bone altar of Kikubaaqudgha.
  5737 | D:7      | Reached skill level 9 in Spellcasting
  5749 | D:7      | Noticed Pikel
  5994 | D:7      | Reached XP level 9. HP: 42/46 MP: 12/24
  6116 | D:7      | Found a runed door.
  6120 | D:7      | Noticed Crazy Yiuf
  6125 | D:7      | Killed Crazy Yiuf
  6291 | D:7      | Killed Pikel
  6291 | D:7      | Reached skill level 1 in Fighting
  6291 | D:7      | Reached skill level 10 in Spellcasting
  6338 | D:7      | Reached * piety under Vehumet
  6338 | D:7      | Offered knowledge of Sting by Vehumet.
  6476 | D:7      | Found Ynuobloss's Distillery.
  6883 | D:8      | Found a white marble altar of Elyvilon.
  6989 | D:8      | Killed from afar by a steam dragon

Vault maps used:
D:1:      dpeg_arrival_rooms_a, minivault_25, minmay_misc_feat_tiny
D:2:      gammafunk_temple_overflow_pools, minmay_pentomino_v4
D:3:      first_ration, nicolae_gozag_cash_rules_everything_around_me,
          uniq_grinder
D:4:      minmay_goblin_outpost
D:5:      lemuel_round_altar, nicolae_ru_path_of_blood,
          minmay_temple_entry_nine_rooms, nicolae_underground_beach,
          uniq_eustachio
D:6:      lemuel_zombie_altar_yredelemnul, trog_ov_bears_minmay,
          uniq_blork_the_orc, uniq_edmund, uniq_prince_ribbit1
D:7:      kiku_gazebo_pond_becter, serial_shops, shop, minmay_misc_feat_columns,
          uniq_pikel, uniq_crazy_yiuf_cottage
D:8:      minmay_the_grid_plus, gammafunk_temple_overflow_statue,
          elyvilon_altar_4
Temple:   nicolae_temple_hex_pool

Skill      XL: |  1  2  3  4  5  6  7  8  9 |
---------------+----------------------------+-----
Fire Magic     | 4 5 6 7 8 |  8.4
Conjurations   | 2 3 4 5 6 7 |  7.8
Spellcasting   | 4 5 7 9 10 | 10.7
Stealth        | 3 4 |  4.5
Dodging        | 3 |  3.8
Hexes          | 1 2 |  2.1
Fighting       | 1 |  1.1
Evocations     | |  0.2

Action                   |  1- 3 |  4- 6 |  7- 9 || total
-------------------------+-------+-------+-------++-------
Melee: Quarterstaff      |       |       |     3 ||     3
 Cast: Flame Tongue      |    65 |    78 |   134 ||   277
       Inner Flame       |       |     5 |     4 ||     9
       Conjure Flame     |       |     4 |     8 ||    12
       Sticky Flame      |       |     2 |    21 ||    23
       Fireball          |       |       |     8 ||     8
Evoke: Wand              |       |       |     1 ||     1
  Use: Scroll            |     2 |     6 |     7 ||    15
       Potion            |       |       |     2 ||     2
 Stab: Sleeping          |       |       |     1 ||     1
  Eat: Chunk             |       |     5 |    17 ||    22
Armor: Robe              |     2 |     6 |    12 ||    20
Dodge: Dodged            |     4 |    14 |    39 ||    57

Table legend:
 A = Spawn XP
 B = Non-spawn XP
 C = Spawn XP percentage of total XP
 D = Spawn monster count
 E = Non-spawn monster count
 F = Spawn count percentage of total count
 G = Total turns spent on level
                    A         B        C        D         E        F      G
               +---------+---------+-------+---------+---------+-------+---------
         Total |       0 |    4579 |   0.0 |       0 |     155 |   0.0 |  6989
               +---------+---------+-------+---------+---------+-------+---------
           D:1 |       0 |      52 |   0.0 |       0 |      23 |   0.0 |   843
           D:2 |       0 |     111 |   0.0 |       0 |      29 |   0.0 |   798
           D:3 |       0 |     445 |   0.0 |       0 |      18 |   0.0 |   837
           D:4 |       0 |     244 |   0.0 |       0 |      27 |   0.0 |   993
           D:5 |       0 |     209 |   0.0 |       0 |       5 |   0.0 |   539
           D:6 |       0 |    1172 |   0.0 |       0 |      27 |   0.0 |  1802
           D:7 |       0 |    1423 |   0.0 |       0 |      16 |   0.0 |   761
           D:8 |       0 |     923 |   0.0 |       0 |      10 |   0.0 |   393
               +---------+---------+-------+---------+---------+-------+---------
